Workbook

Sheet Q1 GST
A1: GST Mar 31 Balance | G1: Notes
A2: 21020 | B2: GST/HST Payables | C2: =-'Trial Balance'!B51 -> -772.55 | E2: Q1 Sales | F2: ='Q1 P&L'!B15 -> 419564.15 | G2: Line 101
A3: 21030 | B3: GST Payable [DO NOT USE] | E3: Q2 Sales | F3: 0
A4: 21031 | B4: GST/HST Suspense | C4: =-'Trial Balance'!B52 -> -57.97 | E4: Q3 Sales | F4: 0
B5: GST Payable Balance | C5: =SUM(C2:C4) -> -830.52 | F5: =SUM(F2:F4) -> 419564.15
A7: Total Collected | C7: ='GSTHST Payable'!M388 -> 20978.2
A8: Total Paid | C8: =-'GSTHST Payable'!L388-'GSTHST Suspense'!L19 -> -21808.72
A9: Refund | C9: =SUM(C7:C8) -> -830.52
C10: =C5-C9 -> 4.0927262e-12
A13: Q1 GST return calculations
A15: GST collected | B15: =C7 -> 20978.2 | C15: Line 103 | E15: Reasonability Test
A16: ITC's | B16: =C8 -> -21808.72 | C16: Line 106 | E16: Q1 Sales | F16: =F2 -> 419564.15
A17: Refund Available | B17: =SUM(B15:B16) -> -830.52 | E17: GST 5% | F17: =F16*0.05 -> 20978.208
E18: Total collected | F18: =C7 -> 20978.2
A19: Q2 GST return calculations | E19: Variance | F19: =F17-F18 -> 0.0075
A21: GST collected
A22: ITC's
A23: Refund Claimed | B23: =SUM(B21:B22) -> 0
A25: Q3 GST return calculations
A27: GST collected
A28: ITC's
A29: Net Payable | B29: =SUM(B27:B28) -> 0
A31: Q4 GST return calculations
A33: GST collected | B33: =C7-B15-B21-B27 -> 0
A34: ITC's
A35: Refund Claimed | B35: =SUM(B33:B34) -> 0

Sheet GSTHST Suspense
A1: Saltire Contracting Ltd.
A2: Transaction Report
A3: January - March, 2025
B5: Date | C5: Transaction Type | D5: # | E5: Adj | F5: Name | G5: Memo/Description | H5: Account | I5: Split | J5: Amount | K5: Balance | L5: Debit | M5: Credit
A6: GST/HST Suspense
B7: 2025-01-03 | C7: Journal Entry | D7: 310 | E7: No | H7: 21031 GST/HST Suspense | I7: -Split- | J7: -5.18 | K7: -5.18 | L7: 5.18
B8: 2025-01-03 | C8: Journal Entry | D8: 325 | E8: No | H8: 21031 GST/HST Suspense | I8: -Split- | J8: -5.21 | K8: -10.39 | L8: 5.21
B9: 2025-01-06 | C9: Journal Entry | D9: 326 | E9: No | H9: 21031 GST/HST Suspense | I9: -Split- | J9: 0 | K9: -10.39 | L9: 0
B10: 2025-01-14 | C10: Journal Entry | D10: 309 | E10: No | H10: 21031 GST/HST Suspense | I10: -Split- | J10: -5.18 | K10: -15.57 | L10: 5.18
B11: 2025-01-15 | C11: Journal Entry | D11: 312 | E11: No | H11: 21031 GST/HST Suspense | I11: -Split- | J11: -5.21 | K11: -20.78 | L11: 5.21
B12: 2025-01-28 | C12: Journal Entry | D12: 308 | E12: No | H12: 21031 GST/HST Suspense | I12: -Split- | J12: -17 | K12: -37.78 | L12: 17
B13: 2025-01-29 | C13: Journal Entry | D13: 316 | E13: No | H13: 21031 GST/HST Suspense | I13: -Split- | J13: -5.21 | K13: -42.99 | L13: 5.21
B14: 2025-02-11 | C14: Journal Entry | D14: 311 | E14: No | H14: 21031 GST/HST Suspense | I14: -Split- | J14: -4.82 | K14: -47.81 | L14: 4.82
B15: 2025-02-12 | C15: Journal Entry | D15: 315 | E15: No | H15: 21031 GST/HST Suspense | I15: -Split- | J15: 0 | K15: -47.81 | L15: 0
B16: 2025-02-26 | C16: Journal Entry | D16: 314 | E16: No | H16: 21031 GST/HST Suspense | I16: -Split- | J16: -4.95 | K16: -52.76 | L16: 4.95
B17: 2025-03-11 | C17: Journal Entry | D17: 313 | E17: No | H17: 21031 GST/HST Suspense | I17: -Split- | J17: -5.21 | K17: -57.97 | L17: 5.21
A18: Total for GST/HST Suspense | J18: -57.97 | L18: 57.97
A19: TOTAL | J19: -57.97 | L19: 57.97
A22: Thursday, Apr. 24, 2025 01:28:10 p.m. GMT-7 - Accrual Basis

Sheet GSTHST Payable
A1: Saltire Contracting Ltd.
A2: Transaction Report
A3: January - March, 2025
B5: Date | C5: Transaction Type | D5: # | E5: Adj | F5: Name | G5: Memo/Description | H5: Account | I5: Split | J5: Amount | K5: Balance | L5: Debit | M5: Credit
A6: GST/HST Payable
B7: Beginning Balance | K7: -488.02
B8: 2025-01-01 | C8: Expense | E8: No | F8: Microsoft Canada Inc | H8: 21020 GST/HST Payable | I8: 21010 Credit Card (CIBC Visa) | J8: 0 | K8: -488.02 | L8: 0
B9: 2025-01-02 | C9: Expense | E9: No | F9: Chambers of Commerce Group Insurance Plan | H9: 21020 GST/HST Payable | I9: 11005 Chequing (CIBC) | J9: 0 | K9: -488.02 | L9: 0
B10: 2025-01-02 | C10: Expense | E10: No | F10: Insurance WayPoint Portfolio Inc. | H10: 21020 GST/HST Payable | I10: 11005 Chequing (CIBC) | J10: 0 | K10: -488.02 | L10: 0
B11: 2025-01-02 | C11: Expense | E11: No | F11: Saltire Rentals | H11: 21020 GST/HST Payable | I11: 11005 Chequing (CIBC) | J11: 0 | K11: -488.02 | L11: 0
B12: 2025-01-02 | C12: Expense | D12: 48126 | E12: No | F12: Amazon | H12: 21020 GST/HST Payable | I12: 21010 Credit Card (CIBC Visa) | J12: -7 | K12: -495.02 | L12: 7
B13: 2025-01-02 | C13: Expense | D13: 2024024 | E13: No | F13: CWS Engineering | H13: 21020 GST/HST Payable | I13: 11005 Chequing (CIBC) | J13: -140 | K13: -635.02 | L13: 140
B14: 2025-01-02 | C14: Expense | D14: 2024025 | E14: No | F14: CWS Engineering | H14: 21020 GST/HST Payable | I14: 11005 Chequing (CIBC) | J14: -170 | K14: -805.02 | L14: 170
B15: 2025-01-02 | C15: Expense | D15: 18282 | E15: No | F15: Golbey Law Corporation | H15: 21020 GST/HST Payable | I15: 21010 Credit Card (CIBC Visa) | J15: -243 | K15: -1048.02 | L15: 243
B16: 2025-01-02 | C16: Expense | D16: 462778 | E16: No | F16: Crowe MacKay LLP | H16: 21020 GST/HST Payable | I16: 21010 Credit Card (CIBC Visa) | J16: -557.5 | K16: -1605.52 | L16: 557.5
B17: 2025-01-02 | C17: Expense | D17: 464764 | E17: No | F17: Crowe MacKay LLP | H17: 21020 GST/HST Payable | I17: 21010 Credit Card (CIBC Visa) | J17: -698.64 | K17: -2304.16 | L17: 698.64
B18: 2025-01-02 | C18: Expense | D18: 10225 | E18: No | F18: Sheremeta Custom Cabinets & Millwork | H18: 21020 GST/HST Payable | I18: 11005 Chequing (CIBC) | J18: -1208.58 | K18: -3512.74 | L18: 1208.58
B19: 2025-01-03 | C19: Expense | E19: No | H19: 21020 GST/HST Payable | I19: 11005 Chequing (CIBC) | J19: 0 | K19: -3512.74 | L19: 0
B20: 2025-01-03 | C20: Expense | D20: 10325 | E20: No | F20: Saltire Holdings | H20: 21020 GST/HST Payable | I20: 11005 Chequing (CIBC) | J20: 0 | K20: -3512.74 | L20: 0
B21: 2025-01-03 | C21: Expense | E21: No | H21: 21020 GST/HST Payable | I21: 11005 Chequing (CIBC) | J21: 0 | K21: -3512.74 | L21: 0
B22: 2025-01-03 | C22: Expense | D22: 2024025 | E22: No | F22: CWS Engineering | H22: 21020 GST/HST Payable | I22: 11005 Chequing (CIBC) | J22: -110 | K22: -3622.74 | L22: 110
B23: 2025-01-03 | C23: Expense | D23: 17564 | E23: No | F23: BBS Pro Services Inc. | H23: 21020 GST/HST Payable | I23: 21010 Credit Card (CIBC Visa) | J23: -320 | K23: -3942.74 | L23: 320
B24: 2025-01-04 | C24: Expense | D24: 476720 | E24: No | F24: Cactus Club | H24: 21020 GST/HST Payable | I24: 21010 Credit Card (CIBC Visa) | J24: 0 | K24: -3942.74 | L24: 0
B25: 2025-01-04 | C25: Expense | E25: No | F25: Mariner Brewing | H25: 21020 GST/HST Payable | I25: 21010 Credit Card (CIBC Visa) | J25: 0 | K25: -3942.74 | L25: 0
B26: 2025-01-04 | C26: Expense | D26: 87268 | E26: No | F26: Windsor Plywood | H26: 21020 GST/HST Payable | I26: 21010 Credit Card (CIBC Visa) | J26: -11.55 | K26: -3954.29 | L26: 11.55
B27: 2025-01-05 | C27: Expense | E27: No | F27: Amazon | H27: 21020 GST/HST Payable | I27: 21010 Credit Card (CIBC Visa) | J27: 0 | K27: -3954.29 | L27: 0
B28: 2025-01-05 | C28: Expense | E28: No | F28: Microsoft Canada Inc | H28: 21020 GST/HST Payable | I28: 21010 Credit Card (CIBC Visa) | J28: -4.21 | K28: -3958.5 | L28: 4.21
B29: 2025-01-06 | C29: Expense | D29: UBLV-00039718 | E29: No | F29: United Boulevard Recycling and Waste Centre | H29: 21020 GST/HST Payable | I29: 21010 Credit Card (CIBC Visa) | J29: 0 | K29: -3958.5 | L29: 0
B30: 2025-01-06 | C30: Expense | E30: No | F30: Amazon | H30: 21020 GST/HST Payable | I30: 21010 Credit Card (CIBC Visa) | J30: 0 | K30: -3958.5 | L30: 0
B31: 2025-01-06 | C31: Expense | E31: No | F31: Insurance Corporation of British Columbia | H31: 21020 GST/HST Payable | I31: 11005 Chequing (CIBC) | J31: 0 | K31: -3958.5 | L31: 0
B32: 2025-01-06 | C32: Expense | E32: No | H32: 21020 GST/HST Payable | I32: 11005 Chequing (CIBC) | J32: 0 | K32: -3958.5 | L32: 0
B33: 2025-01-06 | C33: Expense | D33: 4498528 | E33: No | F33: Bargreen Ellingson | H33: 21020 GST/HST Payable | I33: 21010 Credit Card (CIBC Visa) | J33: -11 | K33: -3969.5 | L33: 11
B34: 2025-01-06 | C34: Expense | D34: GOG-INV-1 | E34: No | F34: Bargreen Ellingson | H34: 21020 GST/HST Payable | I34: 21010 Credit Card (CIBC Visa) | J34: -80.5 | K34: -4050 | L34: 80.5
B35: 2025-01-06 | C35: Expense | D35: 10625 | E35: No | F35: MFPE Engineering | H35: 21020 GST/HST Payable | I35: 11005 Chequing (CIBC) | J35: -489.65 | K35: -4539.65 | L35: 489.65
B36: 2025-01-07 | C36: Invoice | D36: 1519 | E36: No | F36: Garden of Granite Winery:Garden of Granite Project | H36: 21020 GST/HST Payable | I36: 12000 [Accounts Receivable] | J36: 968.36 | K36: -3571.29 | M36: 968.36
B37: 2025-01-07 | C37: Invoice | D37: 1519 | E37: No | F37: Garden of Granite Winery:Garden of Granite Project | H37: 21020 GST/HST Payable | I37: 12000 [Accounts Receivable] | J37: 0 | K37: -3571.29 | L37: 0
B38: 2025-01-07 | C38: Invoice | D38: 1520 | E38: No | F38: Garden of Granite Winery:Garden of Granite Project | H38: 21020 GST/HST Payable | I38: 12000 [Accounts Receivable] | J38: 0 | K38: -3571.29 | L38: 0
B39: 2025-01-07 | C39: Expense | E39: No | F39: DSPC Parking Vancouver | H39: 21020 GST/HST Payable | I39: 21010 Credit Card (CIBC Visa) | J39: 0 | K39: -3571.29 | L39: 0
B40: 2025-01-07 | C40: Expense | E40: No | F40: DSPC Parking Vancouver | H40: 21020 GST/HST Payable | I40: 21010 Credit Card (CIBC Visa) | J40: 0 | K40: -3571.29 | L40: 0
B41: 2025-01-07 | C41: Expense | D41: 267769 | E41: No | F41: Rona | H41: 21020 GST/HST Payable | I41: 21010 Credit Card (CIBC Visa) | J41: -1 | K41: -3572.29 | L41: 1
B42: 2025-01-07 | C42: Expense | D42: 10493634-00 | E42: No | F42: Dicks Lumber | H42: 21020 GST/HST Payable | I42: 21010 Credit Card (CIBC Visa) | J42: -6.84 | K42: -3579.13 | L42: 6.84
B43: 2025-01-07 | C43: Expense | D43: 1032 | E43: No | F43: Go2Girl Promotional Products Inc. | H43: 21020 GST/HST Payable | I43: 21010 Credit Card (CIBC Visa) | J43: -65.28 | K43: -3644.41 | L43: 65.28
B44: 2025-01-08 | C44: Expense | D44: 10825 | E44: No | F44: MFPE Engineering | H44: 21020 GST/HST Payable | I44: 11005 Chequing (CIBC) | J44: 0 | K44: -3644.41 | L44: 0
B45: 2025-01-08 | C45: Expense | E45: No | F45: Chevron | H45: 21020 GST/HST Payable | I45: 21010 Credit Card (CIBC Visa) | J45: 0 | K45: -3644.41 | L45: 0
B46: 2025-01-09 | C46: Credit Card Credit | E46: No | F46: Rona | H46: 21020 GST/HST Payable | I46: 21010 Credit Card (CIBC Visa) | J46: 1.07 | K46: -3643.34 | M46: 1.07
B47: 2025-01-09 | C47: Expense | D47: 5140G | E47: No | F47: North Shore Recycling and Waste Centre | H47: 21020 GST/HST Payable | I47: 21010 Credit Card (CIBC Visa) | J47: 0 | K47: -3643.34 | L47: 0
B48: 2025-01-09 | C48: Expense | D48: 2103270936 | E48: No | F48: Hilti (Canada) Corporation | H48: 21020 GST/HST Payable | I48: 21010 Credit Card (CIBC Visa) | J48: -3.11 | K48: -3646.45 | L48: 3.11
B49: 2025-01-09 | C49: Expense | D49: 2402 | E49: No | F49: Chevron | H49: 21020 GST/HST Payable | I49: 21010 Credit Card (CIBC Visa) | J49: -6.23 | K49: -3652.68 | L49: 6.23
B50: 2025-01-09 | C50: Expense | D50: 10494357-00 | E50: No | F50: Dicks Lumber | H50: 21020 GST/HST Payable | I50: 21010 Credit Card (CIBC Visa) | J50: -6.6 | K50: -3659.28 | L50: 6.6
B51: 2025-01-09 | C51: Expense | D51: 176800 | E51: No | F51: Chevron | H51: 21020 GST/HST Payable | I51: 21010 Credit Card (CIBC Visa) | J51: -9.53 | K51: -3668.81 | L51: 9.53
B52: 2025-01-09 | C52: Expense | D52: 10494398-00 | E52: No | F52: Dicks Lumber | H52: 21020 GST/HST Payable | I52: 21010 Credit Card (CIBC Visa) | J52: -10.43 | K52: -3679.24 | L52: 10.43
B53: 2025-01-09 | C53: Expense | D53: 269288 | E53: No | F53: Rona | H53: 21020 GST/HST Payable | I53: 21010 Credit Card (CIBC Visa) | J53: -15.25 | K53: -3694.49 | L53: 15.25
B54: 2025-01-10 | C54: Expense | E54: No | F54: DSPC Parking Vancouver | H54: 21020 GST/HST Payable | I54: 21010 Credit Card (CIBC Visa) | J54: 0 | K54: -3694.49 | L54: 0
B55: 2025-01-10 | C55: Expense | E55: No | H55: 21020 GST/HST Payable | I55: 21010 Credit Card (CIBC Visa) | J55: 0 | K55: -3694.49 | L55: 0
B56: 2025-01-10 | C56: Expense | D56: 2149G | E56: No | F56: Home Depot | H56: 21020 GST/HST Payable | I56: 21010 Credit Card (CIBC Visa) | J56: -19.36 | K56: -3713.85 | L56: 19.36
B57: 2025-01-12 | C57: Expense | E57: No | F57: Fred Meyer Fuel #25 | H57: 21020 GST/HST Payable | I57: 21010 Credit Card (CIBC Visa) | J57: 0 | K57: -3713.85 | L57: 0
B58: 2025-01-12 | C58: Expense | E58: No | F58: Webflow | H58: 21020 GST/HST Payable | I58: 21010 Credit Card (CIBC Visa) | J58: -2.05 | K58: -3715.9 | L58: 2.05
B59: 2025-01-12 | C59: Expense | D59: 26766 | E59: No | F59: Esso | H59: 21020 GST/HST Payable | I59: 21010 Credit Card (CIBC Visa) | J59: -9.52 | K59: -3725.42 | L59: 9.52
B60: 2025-01-13 | C60: Invoice | D60: 1521 | E60: No | F60: Browns Newport Village | H60: 21020 GST/HST Payable | I60: 12000 [Accounts Receivable] | J60: 0 | K60: -3725.42 | L60: 0
B61: 2025-01-13 | C61: Expense | E61: No | F61: Apple | H61: 21020 GST/HST Payable | I61: 21010 Credit Card (CIBC Visa) | J61: 0 | K61: -3725.42 | L61: 0
B62: 2025-01-14 | C62: Invoice | D62: 1522 | E62: No | F62: Garden of Granite Winery:Garden of Granite Project | H62: 21020 GST/HST Payable | I62: 12000 [Accounts Receivable] | J62: 953.84 | K62: -2771.58 | M62: 953.84
B63: 2025-01-14 | C63: Invoice | D63: 1522 | E63: No | F63: Garden of Granite Winery:Garden of Granite Project | H63: 21020 GST/HST Payable | I63: 12000 [Accounts Receivable] | J63: 0 | K63: -2771.58 | L63: 0
B64: 2025-01-14 | C64: Expense | E64: No | F64: DSPC Parking Vancouver | H64: 21020 GST/HST Payable | I64: 21010 Credit Card (CIBC Visa) | J64: 0 | K64: -2771.58 | L64: 0
B65: 2025-01-14 | C65: Expense | D65: CAINV250000855651 | E65: No | F65: Ikea | H65: 21020 GST/HST Payable | I65: 21010 Credit Card (CIBC Visa) | J65: -55.75 | K65: -2827.33 | L65: 55.75
B66: 2025-01-15 | C66: Expense | D66: 10495435-00 | E66: No | F66: Dicks Lumber | H66: 21020 GST/HST Payable | I66: 21010 Credit Card (CIBC Visa) | J66: -12 | K66: -2839.33 | L66: 12
B67: 2025-01-15 | C67: Expense | D67: 1152025 | E67: No | F67: BKS Mechanical | H67: 21020 GST/HST Payable | I67: 11005 Chequing (CIBC) | J67: -714.29 | K67: -3553.62 | L67: 714.29
B68: 2025-01-17 | C68: Credit Card Credit | E68: No | F68: Pacific West Systems Supplies | H68: 21020 GST/HST Payable | I68: 21010 Credit Card (CIBC Visa) | J68: 23.82 | K68: -3529.8 | M68: 23.82
B69: 2025-01-17 | C69: Expense | E69: No | H69: 21020 GST/HST Payable | I69: 21010 Credit Card (CIBC Visa) | J69: 0 | K69: -3529.8 | L69: 0
B70: 2025-01-17 | C70: Expense | D70: 2501-579851 | E70: No | F70: Pacific West Systems Supplies | H70: 21020 GST/HST Payable | I70: 21010 Credit Card (CIBC Visa) | J70: -26.11 | K70: -3555.91 | L70: 26.11
B71: 2025-01-17 | C71: Expense | D71: 2501-579895 | E71: No | F71: Pacific West Systems Supplies | H71: 21020 GST/HST Payable | I71: 21010 Credit Card (CIBC Visa) | J71: -27.92 | K71: -3583.83 | L71: 27.92
B72: 2025-01-17 | C72: Expense | D72: 2501-579125 | E72: No | F72: Pacific West Systems Supplies | H72: 21020 GST/HST Payable | I72: 21010 Credit Card (CIBC Visa) | J72: -29.15 | K72: -3612.98 | L72: 29.15
B73: 2025-01-18 | C73: Expense | D73: 8061 | E73: No | F73: Chevron | H73: 21020 GST/HST Payable | I73: 21010 Credit Card (CIBC Visa) | J73: -9.52 | K73: -3622.5 | L73: 9.52
B74: 2025-01-19 | C74: Expense | D74: 940732 | E74: No | F74: Esso | H74: 21020 GST/HST Payable | I74: 21010 Credit Card (CIBC Visa) | J74: -6.6 | K74: -3629.1 | L74: 6.6
B75: 2025-01-19 | C75: Expense | D75: 1819G | E75: No | F75: Rona | H75: 21020 GST/HST Payable | I75: 21010 Credit Card (CIBC Visa) | J75: -9.46 | K75: -3638.56 | L75: 9.46
B76: 2025-01-20 | C76: Expense | E76: No | F76: DSPC Parking Vancouver | H76: 21020 GST/HST Payable | I76: 21010 Credit Card (CIBC Visa) | J76: 0 | K76: -3638.56 | L76: 0
B77: 2025-01-20 | C77: Expense | E77: No | F77: DSPC Parking Vancouver | H77: 21020 GST/HST Payable | I77: 21010 Credit Card (CIBC Visa) | J77: 0 | K77: -3638.56 | L77: 0
B78: 2025-01-20 | C78: Expense | E78: No | F78: Impark | H78: 21020 GST/HST Payable | I78: 21010 Credit Card (CIBC Visa) | J78: 0 | K78: -3638.56 | L78: 0
B79: 2025-01-20 | C79: Expense | E79: No | F79: Insurance Corporation of British Columbia | H79: 21020 GST/HST Payable | I79: 11005 Chequing (CIBC) | J79: 0 | K79: -3638.56 | L79: 0
B80: 2025-01-20 | C80: Expense | E80: No | F80: BDC | H80: 21020 GST/HST Payable | I80: 11005 Chequing (CIBC) | J80: 0 | K80: -3638.56 | L80: 0
B81: 2025-01-20 | C81: Expense | D81: 275418 | E81: No | F81: Rona | H81: 21020 GST/HST Payable | I81: 21010 Credit Card (CIBC Visa) | J81: -14.38 | K81: -3652.94 | L81: 14.38
B82: 2025-01-21 | C82: Deposit | E82: No | H82: 21020 GST/HST Payable | I82: 11005 Chequing (CIBC) | J82: 0 | K82: -3652.94 | L82: 0
B83: 2025-01-21 | C83: Expense | D83: NSHO-00056122 | E83: No | F83: North Shore Recycling and Waste Centre | H83: 21020 GST/HST Payable | I83: 21010 Credit Card (CIBC Visa) | J83: 0 | K83: -3652.94 | L83: 0
B84: 2025-01-21 | C84: Expense | E84: No | F84: DSPC Parking Vancouver | H84: 21020 GST/HST Payable | I84: 21010 Credit Card (CIBC Visa) | J84: 0 | K84: -3652.94 | L84: 0
B85: 2025-01-21 | C85: Expense | D85: 3587G | E85: No | F85: United Boulevard Recycling and Waste Centre | H85: 21020 GST/HST Payable | I85: 21010 Credit Card (CIBC Visa) | J85: 0 | K85: -3652.94 | L85: 0
B86: 2025-01-21 | C86: Expense | D86: 168G | E86: No | F86: Home Depot | H86: 21020 GST/HST Payable | I86: 21010 Credit Card (CIBC Visa) | J86: -6.49 | K86: -3659.43 | L86: 6.49
B87: 2025-01-21 | C87: Expense | D87: 1494 | E87: No | F87: Chevron | H87: 21020 GST/HST Payable | I87: 21010 Credit Card (CIBC Visa) | J87: -8.01 | K87: -3667.44 | L87: 8.01
B88: 2025-01-22 | C88: Invoice | D88: 1523 | E88: No | F88: Garden of Granite Winery:Garden of Granite Project | H88: 21020 GST/HST Payable | I88: 12000 [Accounts Receivable] | J88: 973.34 | K88: -2694.1 | M88: 973.34
B89: 2025-01-22 | C89: Invoice | D89: 1523 | E89: No | F89: Garden of Granite Winery:Garden of Granite Project | H89: 21020 GST/HST Payable | I89: 12000 [Accounts Receivable] | J89: 0 | K89: -2694.1 | L89: 0
B90: 2025-01-22 | C90: Expense | D90: 7380G | E90: No | F90: United Boulevard Recycling and Waste Centre | H90: 21020 GST/HST Payable | I90: 21010 Credit Card (CIBC Visa) | J90: 0 | K90: -2694.1 | L90: 0
B91: 2025-01-22 | C91: Expense | E91: No | F91: Inuit Quickbooks | H91: 21020 GST/HST Payable | I91: 21010 Credit Card (CIBC Visa) | J91: 0 | K91: -2694.1 | L91: 0
B92: 2025-01-22 | C92: Expense | D92: 9039G | E92: No | F92: North Shore Recycling and Waste Centre | H92: 21020 GST/HST Payable | I92: 21010 Credit Card (CIBC Visa) | J92: 0 | K92: -2694.1 | L92: 0
B93: 2025-01-22 | C93: Expense | D93: 5818G | E93: No | F93: Home Depot | H93: 21020 GST/HST Payable | I93: 21010 Credit Card (CIBC Visa) | J93: -2.79 | K93: -2696.89 | L93: 2.79
B94: 2025-01-22 | C94: Expense | D94: 88301 | E94: No | F94: Windsor Plywood | H94: 21020 GST/HST Payable | I94: 21010 Credit Card (CIBC Visa) | J94: -62.58 | K94: -2759.47 | L94: 62.58
B95: 2025-01-22 | C95: Expense | D95: 297 | E95: No | F95: BKS Mechanical | H95: 21020 GST/HST Payable | I95: 11005 Chequing (CIBC) | J95: -223.25 | K95: -2982.72 | L95: 223.25
B96: 2025-01-22 | C96: Expense | D96: 1222025 | E96: No | F96: BKS Mechanical | H96: 21020 GST/HST Payable | I96: 11005 Chequing (CIBC) | J96: -822.18 | K96: -3804.9 | L96: 822.18
B97: 2025-01-22 | C97: Expense | D97: 1222025 | E97: No | F97: Rocky Point Commercial HVAC Inc. | H97: 21020 GST/HST Payable | I97: 11005 Chequing (CIBC) | J97: -1013.46 | K97: -4818.36 | L97: 1013.46
B98: 2025-01-23 | C98: Expense | E98: No | F98: Headwater Management Ltd. | H98: 21020 GST/HST Payable | I98: 21010 Credit Card (CIBC Visa) | J98: 0 | K98: -4818.36 | L98: 0
B99: 2025-01-23 | C99: Expense | D99: 35146 | E99: No | F99: Headwater Management Ltd. | H99: 21020 GST/HST Payable | I99: 21010 Credit Card (CIBC Visa) | J99: -2.05 | K99: -4820.41 | L99: 2.05
B100: 2025-01-23 | C100: Expense | D100: 2501-587162 | E100: No | F100: Pacific West Systems Supplies | H100: 21020 GST/HST Payable | I100: 21010 Credit Card (CIBC Visa) | J100: -15.92 | K100: -4836.33 | L100: 15.92
B101: 2025-01-24 | C101: Expense | E101: No | F101: BDC | H101: 21020 GST/HST Payable | I101: 11005 Chequing (CIBC) | J101: 0 | K101: -4836.33 | L101: 0
...

Sheet Trial Balance
A1: Saltire Contracting Ltd.
A2: Trial Balance
A3: As of March 31, 2025
B5: Debit | C5: Credit
A6: 11005 Chequing (CIBC) | B6: 113722.91
A7: 11006 Chequing (TD) | B7: 0
A8: 11010 Savings (CIBC) | B8: 697.29
A9: 11011 Savings (TD) | B9: 0
A10: BUSINESS INVESTOR ACCOUNT (3656) | B10: 0
A11: 12000 [Accounts Receivable] | B11: 129489.75
A12: 12005 Accounts Receivable - Projects | C12: 500
A13: 12010 Allowance for Doubtful Accounts | B13: 0
A14: 11015 Undeposited Funds | B14: 0
A15: 13001 Due to/from Saltire Holdings | B15: 46199.68
A16: 13002 Due to/from Saltire Property | B16: 1249
A17: 13003 Due to/from 1439474 BC Ltd. | B17: 1249
A18: 13005 Prepaid Expenses | B18: 0
A19: 13006 Purchase Prepayments | B19: 0
A20: 13007 Due to/from Saltire Rentals | B20: 204807.67
A21: 13500 Loan to Kelly Gordon | B21: 4036.11
A22: 14005 Inventory Asset | B22: 0
A23: 17005 Computer Equipment & Software | B23: 6796.54
A24: 17006 Computer Equipment & Software (AA) | C24: 4069.94
A25: 17010 Office Furniture | B25: 6632.83
A26: 17011 Office Furniture (AA) | C26: 663.28
A27: 17015 Tools & Equipment | B27: 9921.48
A28: 17016 Tools & Equipment (AA) | C28: 3892.27
A29: 17020 Scissor Lift - Genie | B29: 45261
A30: 17021 Scissor Lift - Genie (AA) | C30: 12673.08
A31: 17025 Trailer - Southland 2022 | B31: 12315.7
A32: 17026 Trailer - Southland 2022 (AA) | C32: 6288.45
A33: 17030 Truck - GMC Savana 2007 | B33: 8072.77
A34: 17031 Truck - GMC Savana 2007 (AA) | C34: 5489.42
A35: 17035 Truck - Dodge Ram 2016 | B35: 2678
A36: 17036 Truck - Dodge Ram 2016 (AA) | C36: 2678
A37: 17037 Truck - Ford F150 | B37: 38518.93
A38: 17038 Truck - Ford F150 (AA) | C38: 5777.84
A39: 17040 Truck - Ford F150 2015 | B39: 39911
A40: 17041 Truck - Ford F150 2015 (AA) | C40: 23288.07
A41: 21000 Accounts Payable | C41: 945.92
A42: 21005 Trade Payable | C42: 0
A43: 21010 Credit Card (CIBC Visa) | C43: 56253.43
A44: Credit Card | C44: 0
A45: 21001 Payroll - Employee Benefits (Collected) | C45: 15823.5
A46: 21012 Vacation Payable | C46: 0
A47: 21013 EI Payable | C47: 868.48
A48: 21014 WCB Payable | C48: 735.03
A49: 21017 CPP payable | C49: 3414.98
A50: 21018 Federal tax payable | C50: 6751.49
A51: 21020 GST/HST Payable | B51: 772.55
A52: 21031 GST/HST Suspense | B52: 57.97
A53: 21035 Corporate Tax Payable | C53: 0
A54: 21040 Shareholder Loan | B54: 47582.68
A55: 21045 Deposit Received | C55: 253256.45
A56: 22005 Bank Loan - BDC (001) | C56: 18000
A57: 22010 Bank Loan - BDC (002) | C57: 5079.28
A58: 22020 Bank Loans - BDC (003) | C58: 59000
A59: 31005 Common Shares | C59: 1
A60: 33005 Retained Earnings | C60: 501424.81
A61: 33006 Opening Balance Equity | C61: 0
A62: 41005 Labour - Project Managment | C62: 218807.4
A63: 41006 Labour - General | C63: 102811.47
A64: 42010 Rental - External | C64: 5195
A65: 42015 Margin - Materials | C65: 6170.33
A66: 42020 Margin - Subcontractor | C66: 41150.14
... A69: Billable Expense Income | C69: 23928.31
A70: 51205 COGS - Fuel | B70: 2937.86
A71: 51305 COGS - Miscellaneous (Vehicle) | B71: 261.34
A72: 51310 COGS - Labour | B72: 608.63
A73: 51315 Project Expense - Other | B73: 590.95
A74: 51320 Project Expense - Subcontractors | B74: 348899.69
A75: 51335 Project Expense - Materials | B75: 65956.99
A76: Inventory Shrinkage | B76: 0
A77: 52110 Accounting | B77: 31483.19
A78: 52115 Bank Fees | B78: 1663.38
A79: 52120 Bank Interest | B79: 817.52
A80: 52130 Courier & Postage | B80: 236.42
A81: 52135 Legal | B81: 6997.8
... A99: Reconciliation Discrepancies | B99: 21995.14
A100: TOTAL | B100: 1406438.9 | C100: 1406438.9
A104: Thursday, Apr. 24, 2025 01:26:24 p.m. GMT-7 - Accrual Basis
A105: 52525 Payroll - CPP | B105: 29529.95
A106: 52530 Payroll - Interest & Penalties | B106: 0
A107: 52535 Payroll - WCB (Employees) | B107: 18230.14
A108: 52545 Payroll - Employee Benefits | B108: 4600.39
A109: 5430 CRA Interest/Penalties | B109: 8431.42
A110: Job Materials | B110: 0
A111: 49005 Income - Interest | C111: 44927.62
A112: 52315 Depreciation - Tools & Equipment | B112: 144.99
A113: TOTAL | B113: 5271587.7 | C113: 5271587.7
A117: Tuesday, Jan. 21, 2025 01:50:15 p.m. GMT-8 - Accrual Basis

Sheet Q1 P&L
A1: Saltire Contracting Ltd.
A2: Profit and Loss
A3: January - March, 2025
B5: Total
A6: INCOME
A7: 41005 Labour - Project Managment | B7: 218807.4
A8: 41006 Labour - General | B8: 102811.47
A9: 42010 Rental - External | B9: 5195
A10: 42015 Margin - Materials | B10: 6170.33
A11: 42020 Margin - Subcontractor | B11: 41150.14
A12: 42025 Margin - Labour | B12: 19880.5
A13: 42030 Margin - Rental | B13: 1621
A14: Billable Expense Income | B14: 23928.31
A15: Total Income | B15: 419564.15
A16: COST OF GOODS SOLD
A17: 51205 COGS - Fuel | B17: 2937.86
A18: 51305 COGS - Miscellaneous (Vehicle) | B18: 261.34
A19: 51310 COGS - Labour | B19: 608.63
A20: 51315 Project Expense - Other | B20: 590.95
A21: 51320 Project Expense - Subcontractors | B21: 348899.69
A22: 51335 Project Expense - Materials | B22: 65956.99
A23: Inventory Shrinkage | B23: 0
A24: Total Cost of Goods Sold | B24: 419255.46
A25: GROSS PROFIT | B25: 308.69
A26: EXPENSES
A27: 52110 Accounting | B27: 31483.19
A28: 52115 Bank Fees | B28: 1663.38
A29: 52120 Bank Interest | B29: 817.52
A30: 52130 Courier & Postage | B30: 236.42
A31: 52135 Legal | B31: 6997.8
A32: 52145 Marketing | B32: 4050.25
A33: 52152 Technology & Website | B33: 3808.83
A34: 52165 Subscriptions (Annual) | B34: 1623.32
A35: 52173 Health Spending - Scott | B35: 4423.06
A36: 52175 Insurance | B36: 3757.32
A37: 52185 Insurance - Vehicles | B37: 1203.32
A38: 52190 Meals & Entertainment | B38: 2233.44
... A49: Total Expenses | B49: 245215.41
A50: OTHER EXPENSES
A51: Reconciliation Discrepancies | B51: 21995.14
A52: Total Other Expenses | B52: 21995.14
A53: PROFIT | B53: -266901.86
A57: Thursday, Apr. 24, 2025 01:25:31 p.m. GMT-7 - Accrual Basis
